 Dungeon Crawl Stone Soup version 0.27.1-1-g398f81649c (webtiles) character file.

Game seed: 15483997944986747538

1026 bnorton916 the Conjurer (level 8, -2/41 HPs)
             Began as a Deep Elf Conjurer on Sept 20, 2021.
             Slain by an orc warrior (15 damage)
             ... on level 5 of the Dungeon.
             The game lasted 00:06:39 (6671 turns).

bnorton916 the Conjurer (Deep Elf Conjurer)         Turns: 6671, Time: 00:06:39

Health: -2/41      AC:  8    Str:  4    XL:     8   Next: 2%
Magic:  3/19       EV: 12    Int: 26    God:
Gold:   332        SH:  0    Dex: 13    Spells: 5/19 levels left

rFire    . . .     SeeInvis .   (no weapon)
rCold    . . .     Faith    .   (no shield)
rNeg     . . .     Spirit   .   a - +0 robe
rPois    .         Reflect  .   g - +0 helmet
rElec    .         Harm     .   s - +2 cloak
rCorr    .         Rampage  .   (no gloves)
Will     .....                  e - +1 pair of boots
Stlth    ++........             (no amulet)
HPRegen  0.13/turn              (no ring)
MPRegen  0.16/turn              (no ring)

@: no status effects
A: no striking features
a: no special abilities


You were on level 5 of the Dungeon.
You visited 1 branch of the dungeon, and saw 6 of its levels.

You collected 332 gold pieces.

Inventory:

Hand Weapons
 i - a +1 dagger of draining
Missiles
 k - 2 throwing nets
Armour
 a - a +0 robe (worn)
 e - a +1 pair of boots (worn)
 g - a +0 helmet (worn)
 s - a +2 cloak (worn)
Magical Staves
 t - a staff of poison
Jewellery
 f - a ring of see invisible
Scrolls
 b - 2 scrolls of teleportation
 c - a scroll of summoning {unknown}
 m - a scroll of holy word {unknown}
 n - a scroll of vulnerability {unknown}
 o - a scroll of identify {unknown}
 q - 2 scrolls of enchant weapon {unknown}
Potions
 d - 3 potions of curing {unknown}
 h - a potion of cancellation {unknown}
 j - 2 potions of flight {unknown}
 l - a potion of invisibility {unknown}
 p - a potion of magic {unknown}
 r - a potion of resistance {unknown}


   Skills:
 - Level 2.4 Dodging
 - Level 2.4 Stealth
 - Level 6.3 Spellcasting
 - Level 6.4 Conjurations
 + Level 5.9 Hexes
 + Level 4.9 Translocations
 - Level 2.0 Poison Magic


You had 5 spell levels left.
You knew the following spells:

 Your Spells              Type           Power      Damage    Failure   Level
a - Magic Dart            Conj           100%       1d8       1%          1
b - Searing Ray           Conj           84%        3d6       1%          2
c - Fulminant Prism       Conj/Hex       20%        3d13      5%          4
d - Iskenderun's Mystic   Conj/Tloc      38%        2d9       6%          4
e - Mephitic Cloud        Conj/Pois/Air  23%        N/A       6%          3

Your spell library contained the following spells:

 Spells                   Type           Power      Damage    Failure   Level
 Corona                   Hex            43%        N/A       1%          1
 Dazzling Flash           Conj/Hex       80%        N/A       1%          3
 Tukima's Dance           Hex            39%        N/A       1%          3
 Ensorcelled Hibernation  Hex/Ice        46%        N/A       3%          2
 Conjure Flame            Conj/Fire      25%        6-21      5%          3
 Ignite Poison            Fire/Tmut/Pois 11%        N/A       16%         3
 Sticky Flame             Conj/Fire      25%        2d5       17%         4
 Bolt of Magma            Conj/Fire/Erth 9%         4d7       58%         5


Dungeon Overview and Level Annotations

Branches:
Dungeon (6/15)
 Temple: D:4-7

Altars:
Elyvilon
Zin


Message History

The orc warrior is moderately wounded.
The orc warrior hits you with a +0 flail.
The searing ray hits the orc warrior.
The orc warrior is heavily wounded.
You finish channeling your searing ray.
The orc warrior hits you with a +0 flail.
Unknown command.
Casting: Searing Ray (safe; 1% risk of failure)
Confirm with . or Enter, or press ? or * to list all spells.
Aiming: Searing Ray (safe; 1% risk of failure)
Press: ? - help, Shift-Dir - straight line, f/p - orc warrior
Aim: an orc warrior, wielding a +0 flail and wearing a +0 plate armour (heavily wounded, 82% to hit)
The searing ray misses the orc warrior. (Press . to maintain the ray.)
The orc warrior hits you with a +0 flail!
The searing ray hits the orc warrior.
The orc warrior is heavily wounded.
The orc warrior hits you with a +0 flail.
The searing ray misses the orc warrior.
The orc warrior hits you with a +0 flail!
* * * LOW HITPOINT WARNING * * *
Unknown command.
Casting: Searing Ray (safe; 1% risk of failure)
Confirm with . or Enter, or press ? or * to list all spells.
The spell is quite dangerous to cast (6% risk of failure)!
Continue anyway?
You erupt in a blast of force!
The mystic blast hits the orc warrior but does no damage.
The orc warrior is heavily wounded.
The orc warrior closely misses you.
Unknown command.
Casting: Iskenderun's Mystic Blast (quite dangerous; 6% risk of failure)
Confirm with . or Enter, or press ? or * to list all spells.
You don't have enough magic to cast this spell.
An orc warrior is nearby!
There is a stone staircase leading up here.
The orc warrior closely misses you.
You climb upwards.
There is a stone staircase leading down here.
The orc warrior hits you with a +0 flail!
You die...

##.## #.# ##.## ## ##.## #.##
#...# #. ##.## #..# #...# #.
#..####..# ##...# #. ##...##..##
#....## #. #####.......###
#.....# ##
##....####.....####....# #
......#<.##...##o>#....# #
###...#...#...#.@.#....## #
...#..##.'#...#..##.....### ##
≈≈.#...###.....###........######.
.§≈#.............................
≈.≈#........⌠....)...............
≈.≈#.............................
≈.§#...###.....###..............#
..≈#..##..#...#).##.............#
≈≈.#..#...#...#...#.............#


You could see an orc warrior.

Vanquished Creatures
  2 water moccasins (D:5)
  2 ice beasts
  An ogre (D:3)
  A necrophage (D:5)
  2 scorpions
  A bullfrog zombie (D:6)
  A centaur skeleton (D:5)
  A jelly (D:6)
  An iguana (D:4)
  An orc wizard (D:3)
  8 gnolls
  4 adders
  A shadow imp (D:6)
  2 dart slugs
  9 orcs
  7 endoplasms
  5 giant cockroaches
  7 goblins
  7 hobgoblins
  6 jackals
  6 quokkas
  8 ball pythons
  5 bats
  A frilled lizard (D:1)
  6 kobolds
  2 rats (D:1)
97 creatures vanquished.

Vanquished Creatures (others)
  A fulminant prism (D:5)
1 creature vanquished.

Grand Total: 98 creatures vanquished

Notes
Turn   | Place    | Note
-------+----------+-------------------------------------------
     0 | D:1      | bnorton916 the Deep Elf Conjurer began the quest for the
                  | Orb.
     0 | D:1      | Reached XP level 1. HP: 10/10 MP: 6/6
   205 | D:1      | Reached XP level 2. HP: 15/15 MP: 4/8
   592 | D:1      | Found a faded altar of an unknown god.
   927 | D:1      | Reached XP level 3. HP: 19/19 MP: 6/10
   928 | D:1      | Reached skill level 5 in Conjurations
  1449 | D:1      | Learned a level 2 spell: Searing Ray
  2689 | D:3      | Reached XP level 4. HP: 24/24 MP: 9/12
  2702 | D:3      | Learned a level 4 spell: Fulminant Prism
  2767 | D:3      | Learned a level 4 spell: Iskenderun's Mystic Blast
  2864 | D:3      | Reached skill level 5 in Spellcasting
  3108 | D:3      | Noticed an ogre
  3113 | D:3      | Killed an ogre
  3114 | D:3      | Reached XP level 5. HP: 28/28 MP: 5/15
  4456 | D:4      | Found Qoxoed's Weapon Boutique.
  4683 | D:4      | Reached XP level 6. HP: 32/32 MP: 11/17
  4687 | D:4      | Learned a level 3 spell: Mephitic Cloud
  4795 | D:4      | Reached skill level 1 in Hexes
  5247 | D:5      | Entered Level 5 of the Dungeon
  5250 | D:5      | Noticed a water moccasin
  5257 | D:5      | Killed a water moccasin
  5258 | D:5      | Reached skill level 1 in Translocations
  5258 | D:5      | Reached skill level 1 in Poison Magic
  5322 | D:5      | Noticed a water moccasin
  5328 | D:5      | Killed a water moccasin
  5329 | D:5      | Reached XP level 7. HP: 32/36 MP: 10/18
  5582 | D:5      | Found a glowing silver altar of Zin.
  5808 | D:5      | Reached skill level 5 in Hexes
  6092 | D:5      | Found a white marble altar of Elyvilon.
  6564 | D:6      | Reached XP level 8. HP: 38/41 MP: 8/19
  6671 | D:5      | Slain by an orc warrior

Illustrated notes

Levels and vault maps discovered:
D:1:      elethiomel_arrival_quiet, layout_rooms, shapermc_ecumenical_altar_venn
D:2:      layout_loops_cross
D:3:      layout_loops_ring
D:4:      layout_basic, serial_shops, nicolae_inconvenience_store,
          bh_walls_and_bars
D:5:      layout_layer_cave, nicolae_elyvilon_peaceful_grove,
          mainiacjoe_overflow_paths, grunt_ministairs_6
D:6:      layout_loops_cross, mainiacjoe_overflow_alcove_1,
          minmay_temple_entry_large_hall, chequers_serial_rivers_micro_e

Skill      XL: |  1  2  3  4  5  6  7 |
---------------+----------------------+-----
Spellcasting   | 4 5 6 |  6.3
Conjurations   | 5 6 |  6.4
Hexes          | 3 5 |  5.9
Translocations | 2 4 |  4.9
Poison Magic   | 2 |  2.0
Dodging        | |  2.4
Stealth        | |  2.4

Action                   |  1- 3 |  4- 6 |  7- 9 || total
-------------------------+-------+-------+-------++-------
Melee: Unarmed           |     1 |       |       ||     1
 Cast: Magic Dart        |    75 |    70 |    30 ||   175
       Searing Ray       |     3 |     8 |    10 ||    21
       Fulminant Prism   |       |       |     1 ||     1
       Iskenderun's Myst |       |       |     1 ||     1
  Use: Scroll            |       |       |     1 ||     1
Armor: Robe              |    15 |     6 |     1 ||    22
Dodge: Dodged            |    37 |    15 |     5 ||    57
